 Dungeon Crawl Stone Soup version 0.29.0-11-gd7f09526c8 (webtiles) character file.

Game seed: 3343302210483817426

13341 leavemydog the Thaumaturge (level 11, -1/60 HPs)
             Began as a Deep Elf Conjurer on Sept 6, 2022.
             Was a Follower of Vehumet.
             Slain by a polar bear (15 damage)
             ... in an ice cave.
             The game lasted 00:30:54 (13515 turns).

leavemydog the Thaumaturge (Deep Elf Conjurer)     Turns: 13515, Time: 00:30:54

Health: -1/60      AC:  7    Str:  4    XL:     11   Next: 74%
Magic:  8/31       EV: 12    Int: 28    God:    Vehumet [*.....]
Gold:   371        SH:  0    Dex: 13    Spells: 25/39 levels left

rFire   . . .      SeeInvis .   D - +5 falchion (protect)
rCold   + + .      Faith    .   (no shield)
rNeg    . . .      Spirit   .   p - +0 steam dragon scales
rPois   .          Reflect  .   f - +0 helmet
rElec   .          Harm     .   C - +0 cloak
rCorr   .          Rampage  .   (no gloves)
Will    +....                   (no boots)
Stlth   ++........              a - amulet of magic regeneration
HPRegen 0.20/turn               s - ring of protection from cold
MPRegen 0.62/turn               u - ring of protection from cold

@: no status effects
A: mutation resistance 2
a: Renounce Religion


You were in an ice cave.
You worshipped Vehumet.
Vehumet was aware of your devotion.
You visited 2 branches of the dungeon, and saw 13 of its levels.
You also visited: Ice Cave.

You collected 636 gold pieces.
You spent 265 gold pieces at shops.

Inventory:

Hand Weapons
 r - a +2 arbalest of freezing
 A - the +7 spear of Guilt {drain, +Blink rC++ rN+ Int-5}
   (You found it on level 6 of the Dungeon)

   A truly terrible weapon, it drains the life of any living foe it strikes.
   Int:       It affects your intelligence (-5).
   rC:        It greatly protects you from cold.
   rN:        It protects you from negative energy.
   +Blink:    It lets you blink.
 D - a +5 falchion of protection (weapon)
Armour
 f - a +0 helmet (worn)
 p - +0 steam dragon scales (worn)
 C - a +0 cloak (worn)
Magical Staves
 o - a staff of air
 G - a staff of earth
Jewellery
 a - an amulet of magic regeneration (around neck)
 c - a ring of willpower
 s - a ring of protection from cold (left hand)
 t - a +6 ring of intelligence
 u - a ring of protection from cold (right hand)
 K - a ring of poison resistance
Wands
 j - a wand of flame (7)
 l - a wand of roots (15)
Scrolls
 d - 9 scrolls of teleportation
 e - a scroll of poison
 i - 4 scrolls of vulnerability
 m - a scroll of summoning
 n - 3 scrolls of noise
 x - a scroll of enchant weapon {unknown}
 y - 2 scrolls of fear
 B - a scroll of torment {unknown}
Potions
 b - a potion of magic
 g - a potion of brilliance
 k - 2 potions of flight
 q - a potion of experience {unknown}
 v - 5 potions of curing
 w - 4 potions of might
 z - 3 potions of invisibility
 E - a potion of degeneration {unknown}
 F - 3 potions of cancellation
 H - 2 potions of berserk rage
 I - a potion of heal wounds
Miscellaneous
 h - a phial of floods
 J - a phantom mirror


   Skills:
 * Level 3.2 Fighting
 * Level 3.0 Dodging
 - Level 2.4 Stealth
 + Level 14.7 Spellcasting
 + Level 12.9 Conjurations
 * Level 8.1 Hexes
 - Level 8.0 Translocations


You had 25 spell levels left.
You knew the following spells:

 Your Spells              Type           Power      Damage    Failure   Level
a - Magic Dart            Conj           100%       1d8       0%          1
b - Searing Ray           Conj           100%       2d8       1%          2
c - Iskenderun's Mystic   Conj/Tloc      68%        2d14      1%          4
d - Fulminant Prism       Conj/Hex       34%        3d16      1%          4
e - Dazzling Flash        Conj/Hex       100%       N/A       1%          3

Your spell library contained the following spells:

 Spells                   Type           Power      Damage    Failure   Level
 Sandblast                Erth           40%        2d10      2%          1
 Conjure Flame            Conj/Fire      54%        6-21      1%          3
 Mephitic Cloud           Conj/Pois/Air  44%        N/A       1%          3
 Sticky Flame             Conj/Fire      54%        2d7       1%          4
 Necrotise                Necr           80%        1d8       2%          1
 Sublimation of Blood     Necr           20%        N/A       3%          2
 Irradiate                Conj/Tmut      27%        3d20      4%          5
 Ignite Poison            Fire/Tmut/Pois 20%        N/A       8%          3
 Vampiric Draining        Necr           20%        2d7       8%          3
 Freezing Cloud           Conj/Ice/Air   22%        6-21      12%         5
 Animate Armour           Summ/Erth      40%        N/A       24%         4
 Petrify                  Tmut/Erth      20%        N/A       24%         4
 Iron Shot                Conj/Erth      27%        9d6       26%         6
 Agony                    Necr           20%        N/A       56%         5
 Blade Hands              Tmut           10%        N/A       56%         5


Dungeon Overview and Level Annotations

Branches:
Dungeon (12/15)            Temple (1/1) D:6            Lair (0/5) D:8
    Orc (0/2) D:11          IceCv (1/1)

Altars:
Ashenzari
Cheibriados
Dithmenos
Elyvilon
Fedhas
Gozag
Hepliaklqana
Kikubaaqudgha
Makhleb
Nemelex Xobeh
Okawaru
Qazlal
Ru
Sif Muna
Trog
Uskayaw
Vehumet
Wu Jian
Xom
Yredelemnul
Zin
The Shining One

Shops:
D:2 *   D:3 *   D:5 =!=(?   D:8 (


Innate Abilities, Weirdness & Mutations

You are somewhat resistant to both further mutation and mutation removal.


Message History

The polar bear bites you but does no damage.
The polar bear claws you.
The polar bear claws you but does no damage.
The searing ray hits the polar bear but does no damage.
The polar bear is heavily wounded.
The polar bear bites you! The polar bear barely misses you.
The polar bear claws you but does no damage.
The searing ray hits the polar bear!
The polar bear is severely wounded.
The polar bear bites you.
The polar bear claws you but does no damage. x2
The searing ray hits the polar bear.
The polar bear is severely wounded.
You finish channelling your searing ray.
The polar bear closely misses you. The polar bear misses you.
The polar bear closely misses you.
Casting: Searing Ray (safe; 1% risk of failure)
Confirm with . or Enter, or press ? or * to list all spells.
You erupt in a blast of force!
The mystic blast hits the polar bear!
The polar bear is almost dead.
The polar bear is knocked back by the mystic blast.
Casting: Iskenderun's Mystic Blast (safe; 1% risk of failure)
Confirm with . or Enter, or press ? or * to list all spells.
Aiming: Searing Ray (safe; 1% risk of failure)
Press: ? - help, Shift-Dir - straight line, f/p - polar bear
Aim: a polar bear (almost dead, 87% to hit)
The searing ray hits the polar bear but does no damage.
The polar bear is almost dead. (Press . to maintain the ray.)
The polar bear goes berserk!
The searing ray misses the polar bear.
The searing ray hits the polar bear.
The polar bear is almost dead.
The polar bear bites you!
* * * LOW HITPOINT WARNING * * *
The polar bear claws you but does no damage.
The polar bear claws you.
* * * LOW HITPOINT WARNING * * *
The polar bear bites you!
You die...

##..# #†.# ..
#†.## .#
#...# ..
##..## .
#...# .###
#...#####...#
#...#..#h†#
##...##@#
########


You could see a polar bear (berserk).

Vanquished Creatures
  Snorg (D:11)
  The ghost of Ariptu the Basher, a journeyman MiFi of Okawaru (D:11)
  2 boulder beetles
  A manticore (D:11)
  2 cyclopes (D:12)
  A gargoyle (D:10)
  Maggie (D:7)
  2 komodo dragons
  A kobold demonologist (D:11)
  2 polar bears (IceCv)
  Sigmund (D:3)
  3 shadows
  2 vampires
  3 wyverns
  A wraith (D:11)
  12 yaks
  A steam dragon (D:10)
  Eustachio (D:4)
  Duvessa (D:6)
  A water moccasin (D:4)
  An ice beast (D:6)
  5 orc warriors
  A black bear (D:6)
  4 wolves (IceCv)
  4 centaurs
  An ogre (D:5)
  Blork the orc (D:4)
  6 bullfrogs
  2 scorpions (D:5)
  10 wights (D:10)
  Dowan (D:6)
  15 killer bees
  4 howler monkeys (D:7)
  3 hounds
  4 jellies
  A gnoll bouda (D:9)
  7 orc priests
  Crazy Yiuf (D:6)
  An iguana (D:5)
  10 orc wizards
  12 adders
  4 gnolls (D:9)
  A white imp (D:5)
  3 worms
  4 dart slugs
  22 orcs
  2 bats
  4 endoplasms (D:1)
  4 giant cockroaches
  2 goblins
  3 hobgoblins (D:1)
  4 quokkas
  5 ball pythons
  A frilled lizard (D:1)
  8 kobolds
  4 rats (D:1)
205 creatures vanquished.

Vanquished Creatures (others)
  43 fulminant prisms
  24 plants (D:8)
67 creatures vanquished.

Grand Total: 272 creatures vanquished

Notes
Turn   | Place    | Note
-------+----------+-------------------------------------------
     0 | D:1      | leavemydog the Deep Elf Conjurer began the quest for the
                  | Orb.
     0 | D:1      | Reached XP level 1. HP: 10/10 MP: 6/6
   205 | D:1      | Reached XP level 2. HP: 15/15 MP: 4/8
   316 | D:1      | Learned a level 2 spell: Searing Ray
   320 | D:1      | Reached skill level 5 in Conjurations
  1015 | D:2      | Reached XP level 3. HP: 19/19 MP: 7/9
  1319 | D:2      | Found Pyogoeg's General Store.
  1330 | D:2      | Bought a scroll of identify for 28 gold pieces
  1367 | D:2      | Found a faded altar of an unknown god.
  1368 | D:2      | Gained mutation: You are somewhat resistant to further
                  | mutation. [potion of mutation]
  1368 | D:2      | Gained mutation: You are somewhat resistant to both further
                  | mutation and mutation removal. [potion of mutation]
  1482 | D:2      | Reached XP level 4. HP: 24/24 MP: 5/11
  1616 | D:2      | Learned a level 4 spell: Iskenderun's Mystic Blast
  1809 | D:3      | Found Fexiw's Assorted Antiques.
  2037 | D:3      | Reached skill level 4 in Spellcasting
  2183 | D:3      | Found a shimmering blue altar of Sif Muna.
  2538 | D:3      | Noticed Sigmund
  2740 | D:3      | Killed Sigmund
  2741 | D:3      | Reached skill level 5 in Spellcasting
  2741 | D:3      | Reached XP level 5. HP: 28/28 MP: 5/14
  2741 | D:3      | Reached XP level 6. HP: 32/32 MP: 5/15
  2908 | D:4      | Learned a level 4 spell: Fulminant Prism
  3055 | D:4      | Reached skill level 1 in Hexes
  3116 | D:4      | Found a hide-covered altar of Uskayaw.
  3245 | D:4      | Noticed Eustachio
  3252 | D:4      | Killed Eustachio
  3253 | D:4      | Reached skill level 6 in Spellcasting
  3253 | D:4      | Reached skill level 1 in Translocations
  3253 | D:4      | Reached XP level 7. HP: 20/36 MP: 8/18
  3469 | D:4      | Found a burning altar of Makhleb.
  3854 | D:4      | Noticed Blork the orc
  3860 | D:4      | Killed Blork the orc
  3861 | D:4      | Found a snail-covered altar of Cheibriados.
  3903 | D:5      | Entered Level 5 of the Dungeon
  3903 | D:5      | Found Ikacher's Magic Scroll Boutique.
  3920 | D:5      | Reached skill level 7 in Spellcasting
  4295 | D:5      | Bought a scroll of noise for 13 gold pieces
  4295 | D:5      | Bought a scroll of blinking for 97 gold pieces
  4295 | D:5      | Bought a scroll of teleportation for 39 gold pieces
  4487 | D:5      | Found Noodan's Weapon Shop.
  4487 | D:5      | Found Puydd's Distillery.
  4509 | D:5      | Found Biutotz's Jewellery Boutique.
  4567 | D:5      | Found Piklaeps's Jewellery Emporium.
  4663 | D:5      | Reached XP level 8. HP: 34/41 MP: 12/21
  5120 | D:5      | Bought a potion of heal wounds for 55 gold pieces
  5469 | D:6      | Identified the +7 spear of Guilt {drain, +Blink rC++ rN+
                  | Int-5}
  5501 | D:6      | Found a staircase to the Ecumenical Temple.
  5512 | D:6      | Reached skill level 8 in Spellcasting
  5515 | Temple   | Entered the Ecumenical Temple
  6102 | D:6      | Noticed Duvessa
  6228 | D:6      | Found a runed translucent door.
  6229 | D:6      | Noticed Crazy Yiuf
  6235 | D:6      | Killed Crazy Yiuf
  6388 | D:6      | Noticed Dowan
  6394 | D:6      | Killed Duvessa
  6400 | D:6      | Killed Dowan
  6695 | D:5      | Bought a potion of curing for 33 gold pieces
  6773 | D:7      | Reached skill level 9 in Spellcasting
  6882 | D:7      | You fall into a shaft and drop 2 floors!
  7020 | D:8      | Reached skill level 10 in Conjurations
  7035 | D:8      | Found a staircase to the Lair.
  7036 | D:8      | Noticed a komodo dragon
  7051 | D:8      | Killed a komodo dragon
  7052 | D:8      | Reached XP level 9. HP: 45/45 MP: 5/24
  7183 | D:8      | Found Fuploym's Weapon Boutique.
  7253 | D:8      | Reached skill level 10 in Spellcasting
  7365 | D:8      | Reached skill level 5 in Translocations
  7713 | D:8      | Found a bloodstained altar of Trog.
  7725 | D:7      | Noticed Maggie
  7748 | D:7      | Killed Maggie
  8151 | D:7      | Reached skill level 11 in Spellcasting
  9323 | D:9      | Found a radiant altar of Vehumet.
  9331 | D:9      | Became a worshipper of Vehumet
  9469 | D:9      | Reached XP level 10. HP: 50/50 MP: 22/27
  9722 | D:9      | Learned a level 3 spell: Dazzling Flash
  9880 | D:9      | Reached skill level 5 in Hexes
 10021 | D:10     | Entered Level 10 of the Dungeon
 10173 | D:10     | Noticed a gargoyle
 10177 | D:10     | Killed a gargoyle
 10280 | D:10     | Reached skill level 12 in Spellcasting
 11889 | D:11     | Noticed a boulder beetle
 12103 | D:11     | Found a runed translucent door.
 12103 | D:11     | Noticed Ariptu's ghost (journeyman MiFi)
 12133 | D:11     | Killed a boulder beetle
 12134 | D:11     | Reached skill level 1 in Fighting
 12134 | D:11     | Reached skill level 13 in Spellcasting
 12299 | D:11     | Killed Ariptu's ghost
 12300 | D:11     | Reached XP level 11. HP: 35/56 MP: 4/30
 12517 | D:11     | Reached * piety under Vehumet
 12517 | D:11     | Offered knowledge of Sandblast by Vehumet.
 12529 | D:11     | Noticed Snorg
 12546 | D:11     | Killed Snorg
 12783 | D:11     | Found a staircase to the Orcish Mines.
 12979 | D:12     | Noticed a boulder beetle
 13040 | D:12     | Reached skill level 14 in Spellcasting
 13047 | D:12     | Killed a boulder beetle
 13255 | D:12     | Found a frozen archway.
 13269 | IceCv    | Entered an ice cave
 13515 | IceCv    | Slain by a polar bear

Illustrated notes

Levels and vault maps discovered:
D:1:      ncdulo_smallfort, layout_basic, minivault_24, minmay_indecisive_spiral
D:2:      layout_basic, shapermc_ecumenical_altar_gd, serial_shops, shop
D:3:      layout_basic, mainiacjoe_overflow_alcove_1, serial_shops,
          nicolae_shop_hallway_plus, uniq_sigmund
D:4:      layout_loops_ring, nicolae_overflow_hidden_temple,
          lightli_temple_of_fire, mainiacjoe_overflow_tiny_flanked,
          grunt_ministairs_13, serial_park_tiny_1, uniq_eustachio,
          uniq_blork_the_orc
D:5:      layout_loops_ring, serial_shops, shop_fountains,
          nicolae_take_the_stairs, nicolae_square_shop, nicolae_shop_crystal,
          shop, dk_noncrumbling_4, nrook_mini_vaults, nicolae_fountain_basement
D:6:      layout_basic, minmay_temple_entry_stoned_glass,
          uniq_crazy_yiuf_cottage, uniq_duvessa
D:7:      layout_basic, uniq_maggie
D:8:      layout_cave_pools, lemuel_crystal_altar, david_lair_shrubbed,
          serial_shops, nicolae_shop_bloodbath_and_beyond, solitary_fountain
D:9:      layout_irregular_city, vehumet_crystals
D:10:     layout_layer_cave
D:11:     layout_cave_pools, orc_0_dummy, ebering_ghost_reflecting_pool,
          uniq_snorg
D:12:     layout_cross, portal_ice_cave_entry_pillars_2
Temple:   nicolae_temple_slightly_damp_pantheon
IceCv:    ice_cave_caverns_01

Skill      XL: |  1  2  3  4  5  6  7  8  9 10 11 |
---------------+----------------------------------+-----
Conjurations   | 5 7 8 10 11 12 | 12.9
Spellcasting   | 5 6 7 9 11 13 14 | 14.7
Hexes          | 1 2 4 6 8 |  8.1
Translocations | 1 2 4 6 7 8 |  8.0
Fighting       | 1 3 |  3.2
Dodging        | 3 |  3.0
Stealth        | |  2.4

Action                   |  1- 3 |  4- 6 |  7- 9 | 10-12 || total
-------------------------+-------+-------+-------+-------++-------
Melee: Dagger            |       |       |       |     4 ||     4
 Cast: Magic Dart        |    68 |    27 |   109 |    60 ||   264
       Searing Ray       |     1 |    11 |    32 |    38 ||    82
       Fulminant Prism   |       |       |    14 |    30 ||    44
       Iskenderun's Myst |       |       |     4 |    40 ||    44
Evoke: Wand              |       |       |     1 |       ||     1
  Use: Scroll            |     3 |     2 |     6 |     4 ||    15
       Potion            |     1 |     1 |     1 |     1 ||     4
Armor: Robe              |     1 |     2 |     5 |       ||     8
       Skin              |       |     4 |       |       ||     4
       Steam dragon scal |       |       |       |    18 ||    18
Dodge: Dodged            |     8 |     7 |    27 |    38 ||    80
